Map: Acid Plant LE

Players

fruitcake - Winner!

  • Race: Protoss Protoss
  • Spawn Location: 11:00

A.I. 1 (Harder)

  • Race: Protoss Protoss
  • Spawn Location: 5:00

VOD

Have the link to the VOD?

Description

Time

  • Played on: May 6, 2018, 8:26 a.m.
  • Length: 11:04
Show
View Real Time Build Order
Export as new Build Order

fruitcake Protoss - Winner!

Build Orders: 1 Gate Expand 

Get SALT Encoding   

  1  0:00  Probe  
  12  0:05  Probe  
  14  0:16  Pylon  
  14  0:21  Probe  
  15  0:32  Assimilator  
  15  0:34  Probe  
  16  0:39  Assimilator  
  16  0:47  Probe  
  17  0:54  Gateway  
  17  0:56  Probe  
  18  1:04  Probe  
  19  1:13  Probe  
  20  1:32  Probe  
  21  1:36  Nexus  
  21  1:44  Zealot  
  23  2:00  Pylon  
  23  2:06  Pylon  
  23  2:15  Probe  
  23  2:18  Zealot  
  26  2:27  Probe, Cybernetics Core  
  27  2:40  Probe  
  28  2:44  Forge, Zealot  
  28  2:48  Probe  
  30  2:52  Probe  
  30  2:54  Warp Gate  
  30  2:56  Probe  
  32  3:02  Stalker  
  32  3:04  Assimilator, Probe  
  34  3:06  Probe  
  37  3:25  Probe  
  37  3:26  Probe  
  39  3:32  Stalker  
  41  3:37  Probe  
  41  3:38  Pylon, Probe  
  43  3:43  Assimilator  
  43  3:49  Probe  
  43  3:50  Probe  
  45  4:01  Probe  
  35  4:02  Stalker  
  46  4:03  Gateway  
  48  4:12  Robotics Facility  
  48  4:18  Probe  
  48  4:19  Probe  
  50  4:31  Probe x2  
  51  4:32  Stalker  
  51  4:36  Pylon  
  54  4:44  Probe x2  
  56  4:46  Protoss Ground Weapons Level 1  
  56  4:49  Immortal  
  60  5:02  Stalker  
  60  5:05  Probe  
  63  5:13  Probe  
  64  5:20  Gateway  
  64  5:21  Gateway  
  60  5:24  Gateway  
  58  5:32  Stalker  
  58  5:34  Stalker  
  62  5:52  Immortal  
  66  6:02  Stalker  
  68  6:24  Gateway  
  68  6:37  Pylon  
  68  6:39  Pylon, Protoss Ground Armor Level 1  
  68  6:40  Pylon  
  68  6:42  Stalker  
  70  6:48  Immortal  
  70  6:49  Pylon  
  70  6:50  Gateway  
  70  6:52  Pylon  
  70  6:54  Gateway  
  70  7:00  Stalker x2  
  70  7:01  Stalker  
  80  7:21  Immortal  
  80  7:26  Robotics Facility  
  84  7:41  Stalker  
  84  7:42  Stalker x4  
  84  7:43  Stalker  
  96  7:44  Gateway  
  96  8:00  Immortal  
  100  8:08  Stalker  
  100  8:09  Stalker x3  
  108  8:22  Nexus  
  108  8:35  Stalker  
  110  9:04  Pylon  
  110  9:07  Pylon  
  109  9:10  Pylon, Stalker  
  109  9:12  Pylon  
  109  9:13  Pylon  
  109  9:20  Photon Cannon  
  109  9:22  Photon Cannon x2, Immortal x2  
  109  9:23  Photon Cannon  
  117  9:29  Stalker  
  117  9:30  Stalker x2  
  123  9:31  Stalker x2  
  121  9:51  Stalker  
  116  9:53  Stalker x3  
  121  10:01  Immortal  
  121  10:24  Pylon x2  
  121  10:27  Pylon  
  121  10:28  Pylon  
  120  10:55  Stalker  
  120  10:56  Stalker  
Show
View Real Time Build Order
Export as new Build Order

A.I. 1 (Harder) Protoss 

Build Orders:  

Get SALT Encoding   

  12  0:00  Probe  
  13  0:13  Probe  
  14  0:20  Pylon  
  14  0:25  Probe  
  15  0:34  Probe  
  15  0:42  Probe  
  17  0:50  Assimilator  
  17  0:51  Probe  
  17  0:52  Gateway  
  18  0:59  Probe  
  18  1:01  Pylon  
  19  1:23  Probe  
  20  1:39  Zealot  
  20  1:43  Cybernetics Core  
  20  1:45  Gateway  
  22  1:47  Assimilator  
  22  2:02  Pylon  
  22  2:18  Warp Gate  
  22  2:19  Adept  
  24  2:32  Adept  
  26  2:40  Pylon  
  26  2:44  Zealot  
  28  2:59  Adept  
  28  3:03  Adept  
  28  3:04  Probe  
  33  3:16  Probe  
  33  3:17  Pylon  
  34  3:26  Adept  
  36  3:29  Probe  
  36  3:30  Adept  
  39  3:36  Forge  
  39  3:41  Probe  
  40  3:53  Stalker, Probe  
  43  3:57  Adept  
  45  4:05  Probe  
  46  4:34  Protoss Ground Weapons Level 1, Sentry  
  46  4:37  Gateway  
  48  4:41  Pylon, Stalker  
  50  4:57  Adept  
  52  5:00  Photon Cannon  
  52  5:02  Robotics Facility  
  52  5:04  Stalker  
  54  5:15  Stalker  
  54  5:17  Pylon  
  56  5:27  Adept  
  56  5:32  Photon Cannon  
  56  5:34  Sentry  
  56  5:41  Zealot  
  54  5:48  Zealot  
  54  5:49  Observer  
  45  5:57  Adept  
  47  6:04  Adept  
  47  6:10  Observer  
  50  6:11  Adept  
  50  6:14  Protoss Ground Armor Level 1  
  50  6:18  Nexus  
  52  6:30  Adept  
  54  6:38  Adept  
  56  6:45  Adept  
  58  6:52  Stalker  
  60  7:01  Stargate  
  60  7:11  Twilight Council  
  60  7:20  Forge  
  60  7:30  Probe x2  
  62  7:39  Pylon  
  62  7:42  Probe  
  63  7:44  Probe  
  63  7:45  Pylon  
  64  7:54  Probe  
  64  7:56  Probe  
  66  8:06  Photon Cannon, Probe  
  66  8:08  Probe  
  66  8:09  Photon Cannon  
  68  8:16  Probe  
  69  8:20  Probe  
  69  8:24  Probe  
  70  8:33  Probe  
  72  8:37  Gateway  
  72  8:42  Robotics Facility  
  72  8:46  Stargate  
  72  8:54  Nexus  
  72  9:01  Stalker x2  
  72  9:03  Void Ray  
  72  9:07  Stalker  
  78  9:16  Stalker  
  36  10:03  Probe  
  37  10:11  Probe  
  35  10:21  Probe  
  37  10:33  Probe  
Tags
 
Add a new tag
Caveats
  • Supply blocks, unpowered buildings, or Contaminate may cause inaccurate times.
  • Supply counts are checked every 10 seconds.